 Dungeon Crawl Stone Soup version 0.27-a0-1529-g1e82c303ef (webtiles) character file.

Game seed: 4431682505568322977

2727 McSplat the Spear-Bearer (level 9, 0/68 HPs)
             Began as a Merfolk Gladiator on July 9, 2021.
             Was a Priest of Lugonu.
             Succumbed to a killer bee's poison
             ... on level 7 of the Dungeon on July 11, 2021.
             The game lasted 00:24:27 (8772 turns).

McSplat the Spear-Bearer (Merfolk Gladiator)        Turns: 8772, Time: 00:24:28

Health: 0/68       AC:  7    Str: 17    XL:     9   Next: 67%
Magic:  11/13      EV:  9    Int:  8    God:    Lugonu [***...]
Gold:   236        SH: 10    Dex: 15    Spells: 8/8 levels left

rFire    . . .     SeeInvis .   a - +0 trident
rCold    . . .     Faith    .   e - +0 kite shield
rNeg     . . .     Spirit   .   f - +0 scale mail
rPois    .         Reflect  .   j - +0 helmet
rElec    .         Harm     .   m - scarf {repulsion}
rCorr    .         Rampage  .   (no gloves)
Will     +....                  (no boots)
Stlth    ..........             (no amulet)
HPRegen  0.21/turn              (no ring)
MPRegen  0.13/turn              (no ring)

@: lethally poisoned (0 -> -10), on berserk cooldown, slowed, repel missiles,
very slow
A: (nimble swimmer 2), mertail, strong-willed 1
a: Renounce Religion, Depart the Abyss, Bend Space, Banish


You were on level 7 of the Dungeon.
You worshipped Lugonu.
Lugonu was most pleased with you.
You visited 1 branch of the dungeon, and saw 7 of its levels.

You collected 236 gold pieces.

Inventory:

Hand Weapons
 a - a +0 trident (weapon)
 c - a +0 scythe
Missiles
 b - 34 poisoned darts
 d - 3 throwing nets
 k - 3 boomerangs (quivered)
Armour
 e - a +0 kite shield (worn)
 f - a +0 scale mail (worn)
 j - a +0 helmet (worn)
 m - a scarf of repulsion (worn)
 r - a scarf of resistance
Wands
 p - a wand of iceblast (8)
Scrolls
 g - a scroll of enchant weapon {unknown}
 i - 2 scrolls of identify
 o - 2 scrolls of fog
 q - a scroll of teleportation
Potions
 n - a potion of haste {unknown}


   Skills:
 - Level 5.5 Fighting
 + Level 12.2 Polearms
 - Level 2.0 Throwing
 - Level 4.0 Dodging
 + Level 6.6 Shields
 + Level 6.0 Invocations


You had 8 spell levels left.
You didn't know any spells.
Your spell library contained the following spells:

 Spells                   Type           Power      Damage    Failure   Level
 Fireball                 Conj/Fire      0%         3d3       100%        5
 Starburst                Conj/Fire      0%         8x6d3     100%        6
 Ignition                 Fire           0%         3d3       100%        8


Dungeon Overview and Level Annotations

Branches:
Dungeon (7/15)
 Temple: D:4-7

Altars:
Ashenzari
Dithmenos
Makhleb
Nemelex Xobeh
Qazlal
Ru
Trog
Vehumet
Beogh
Lugonu

Shops:
D:4 *

Annotations:
D:3 Grinder
D:5 Prince Ribbit


Innate Abilities, Weirdness & Mutations

((You are quick and stealthy near water. (Stealth+, EV+, Speed+++)))
Your lower body shifts to a powerful aquatic tail in water.
You are strong-willed. (Will+)


Message History

You feel yourself slow down.
* * * LOW HITPOINT WARNING * * *
You feel very sick. The killer bee barely misses you.
The killer bee stings you.
* * * LOW HITPOINT WARNING * * *
Unknown command.
Unknown command.
You feel better.
A killer bee comes into view.
You block the killer bee's attack. The killer bee stings you.
* * * LOW HITPOINT WARNING * * *
You block the killer bee's attack. The killer bee barely misses you.
The killer bee stings you.
* * * LOW HITPOINT WARNING * * *
You block the killer bee's attack.
The killer bee moves out of view.
Unknown command.
Unknown command.
Space bends sharply around you!
You blink.
The killer bee stings you but does no damage. x3
Unknown command.
Unknown command.
You feel better.
The killer bee buzzes angrily.
You block the killer bee's attack. The killer bee stings you.
* * * LOW HITPOINT WARNING * * *
You block the killer bee's attack.
The killer bee stings you but does no damage.
You block the killer bee's attack. x2
Unknown command.
Space bends around you!
You blink.
The killer bee stings you.
* * * LOW HITPOINT WARNING * * *
The killer bee closely misses you. You block the killer bee's attack.
Space bends around you!
You blink.
You block the killer bee's attack. The killer bee stings you.
* * * LOW HITPOINT WARNING * * *
You are lethally poisoned!
The killer bee poisons you! The killer bee completely misses you.
Unknown command.
Unknown command.
You die...

. #..............#.#####
.####......#.##...........
..##......#.#............
#.##.....##.#.###........
##.##.....##.#.###..######
.............#.##...#
##..#####.####.##.#.#
#<..#####.#....##.#.#
.#...#......#...@...#
##..#<.##.#...###.####
##.....##.##.##..yyy.# # .
###.......# .#......§###.#....
.###.#######......##...)......
#...## ###..#..§.###.#....
##### #..#.##†# .. . #..#.##.#
## #.....†.#


You could see 3 killer bees.

Vanquished Creatures
  A deep elf pyromancer (D:6)
  Sigmund (D:2)
  A wyvern (D:6)
  Menkaure (D:6)
  Edmund (D:6)
  A water moccasin (D:5)
  Purgy (D:4)
  An ice beast (D:5)
  A necrophage (D:6)
  A black bear (D:6)
  An ogre (D:5)
  A phantom (D:5)
  A kobold brigand (D:6)
  Blork the orc (D:6)
  2 bullfrogs (D:6)
  2 scorpions
  3 killer bees (D:7)
  A howler monkey (D:4)
  A jelly (D:6)
  5 hounds
  4 orc priests
  A centaur skeleton (D:2)
  Ijyb (D:3)
  Terence (D:2)
  An orc wizard (D:3)
  2 iguanas (D:6)
  A killer bee zombie (D:6)
  A howler monkey zombie (D:6)
  3 adders
  An ufetubus (D:5)
  An adder zombie (D:5)
  A worm (D:2)
  3 dart slugs
  14 orcs
  7 ball pythons
  5 endoplasms
  5 giant cockroaches
  5 goblins
  3 hobgoblins
  4 jackals
  7 kobolds
  3 quokkas
  4 bats
  10 frilled lizards
  5 rats
121 creatures vanquished.

Vanquished Creatures (others)
  9 fungi (D:5)
  7 plants (D:2)
16 creatures vanquished.

Grand Total: 137 creatures vanquished

Notes
Turn   | Place    | Note
-------+----------+-------------------------------------------
     0 | D:1      | McSplat the Merfolk Gladiator began the quest for the Orb.
     0 | D:1      | Reached XP level 1. HP: 16/16 MP: 1/1
    78 | D:1      | Reached XP level 2. HP: 18/23 MP: 2/2
    81 | D:1      | Reached skill level 5 in Polearms
   581 | D:1      | Reached XP level 3. HP: 22/28 MP: 3/3
   970 | D:2      | Reached skill level 6 in Polearms
   970 | D:2      | Reached XP level 4. HP: 12/35 MP: 4/4
  1477 | D:2      | Noticed Sigmund
  1496 | D:2      | Killed Sigmund
  1497 | D:2      | Reached skill level 8 in Polearms
  1497 | D:2      | Reached XP level 5. HP: 19/42 MP: 5/5
  1497 | D:2      | Reached XP level 6. HP: 21/48 MP: 6/6
  1914 | D:2      | Noticed Terence
  1929 | D:2      | Killed Terence
  2566 | D:2      | Found a faded altar of an unknown god.
  2649 | D:2      | Became a worshipper of Lugonu the Unformed
  2649 | D:2      | Reached * piety under Lugonu
  2649 | D:2      | Reached ** piety under Lugonu
  2690 | D:3      | Noticed Purgy
  2756 | D:3      | Noticed Ijyb
  2850 | D:3      | Reached skill level 1 in Shields
  3497 | D:3      | Upgraded the game from 0.27-a0-1513-g2aaa0cc67b to
                  | 0.27-a0-1525-g1038ab4fd7
  3575 | D:3      | Gained mutation: You are strong-willed. (Will+) [potion of
                  | mutation]
  4019 | D:3      | Killed Ijyb
  4020 | D:3      | Reached skill level 1 in Invocations
  4293 | D:3      | Found a sacrificial altar of Ru.
  4296 | D:3      | Found a radiant altar of Vehumet.
  4297 | D:3      | Found a bloodstained altar of Trog.
  4298 | D:3      | Found a burning altar of Makhleb.
  4298 | D:3      | Found a shadowy altar of Dithmenos.
  4298 | D:3      | Found a stormy altar of Qazlal.
  4299 | D:3      | Found a sparkling altar of Nemelex Xobeh.
  4302 | D:3      | Noticed Grinder
  4342 | D:4      | Killed Purgy
  4343 | D:4      | Reached XP level 7. HP: 46/54 MP: 6/8
  4427 | D:4      | Reached skill level 9 in Polearms
  4453 | D:4      | Found Licuanol's Assorted Antiques.
  4677 | D:4      | Upgraded the game from 0.27-a0-1525-g1038ab4fd7 to
                  | 0.27-a0-1529-g1e82c303ef
  4771 | D:5      | Entered Level 5 of the Dungeon
  5247 | D:5      | Reached skill level 5 in Fighting
  5293 | D:5      | Reached XP level 8. HP: 49/62 MP: 9/9
  5816 | D:6      | Noticed Menkaure
  5829 | D:5      | Reached skill level 10 in Polearms
  6084 | D:6      | Noticed Prince Ribbit
  6263 | D:6      | Reached *** piety under Lugonu
  6283 | D:5      | HP: 2/63 [orc priest (5)]
  6289 | D:5      | HP: 1/63 [orc priest/divine providence (10)]
  6641 | D:6      | Noticed a wyvern
  7229 | D:6      | Noticed a deep elf pyromancer
  7236 | D:6      | Killed a deep elf pyromancer
  7237 | D:6      | Reached skill level 11 in Polearms
  7237 | D:6      | Reached skill level 5 in Shields
  7237 | D:6      | Reached XP level 9. HP: 38/68 MP: 10/12
  7861 | D:5      | Reached skill level 5 in Invocations
  8025 | D:6      | Found a broken altar of Ashenzari.
  8030 | D:6      | Noticed Edmund
  8046 | D:6      | Killed Edmund
  8148 | D:6      | Noticed Blork the orc
  8167 | D:6      | Killed Blork the orc
  8275 | D:6      | Killed Menkaure
  8276 | D:6      | Reached skill level 12 in Polearms
  8767 | D:7      | HP: 3/68 [killer bee (6)]
  8772 | D:7      | Succumbed to a killer bee's poison

Illustrated notes

Levels and vault maps discovered:
D:1:      grunt_arrival_crossed_arrows, layout_basic,
          hangedman_abyss_or_decor_stabs
D:2:      layout_basic, hellmonk_ecumenical_altar_defaced_shrine,
          minmay_lizard_king, uniq_sigmund, uniq_terence
D:3:      layout_basic, grunt_temple_overflow_open, uniq_grinder, uniq_purgy,
          uniq_ijyb
D:4:      layout_rooms, serial_shops, nicolae_diamond_shop,
          minmay_misc_feat_doors
D:5:      layout_loops_ring, serial_aquarium, aquarium_bridge_straight
          [aquarium_subvault_bridge, aquarium_subvault_wall,
          aquarium_subvault_bridge, aquarium_subvault_wall],
          aquarium_bridge_straight [aquarium_subvault_bridge,
          aquarium_subvault_wall, aquarium_subvault_bridge,
          aquarium_subvault_balcony], aquarium_window_1, aquarium_window_fake,
          aquarium_window_1, aquarium_window_corner, aquarium_view_2a,
          aquarium_pool_1
D:6:      minmay_inner_zag, layout_cave_pools, kennysheep_mini_moat,
          enter_ossuary_1, guppyfry_early_elven_hall, uniq_edmund,
          uniq_prince_ribbit1, uniq_blork_the_orc, uniq_menkaure
D:7:      layout_loops_cross, temple_statues, grunt_potential

Skill      XL: |  1  2  3  4  5  6  7  8  9 |
---------------+----------------------------+-----
Polearms       | 5 6 8 9 11 12 | 12.2
Fighting       | 3 4 5 |  5.5
Shields        | 2 3 5 6 |  6.6
Invocations    | 2 4 6 |  6.0
Throwing       | |  2.0
Dodging        | |  4.0

Action                   |  1- 3 |  4- 6 |  7- 9 || total
-------------------------+-------+-------+-------++-------
Melee: Trident           |    97 |   117 |   317 ||   531
       Scythe            |       |    16 |       ||    16
Throw: Boomerang         |       |     5 |    21 ||    26
Invok: Bend Space        |       |     1 |     7 ||     8
Evoke: Wand              |       |     4 |     6 ||    10
  Use: Scroll            |       |     6 |     4 ||    10
       Potion            |       |     3 |     6 ||     9
 Stab: Sleeping          |     1 |       |       ||     1
Armor: Leather armour    |    26 |     7 |       ||    33
       Scale mail        |       |    23 |    89 ||   112
Dodge: Dodged            |    60 |    33 |    88 ||   181
       Repelled          |       |     1 |     3 ||     4
Block: Kite shield       |       |    31 |   153 ||   184

Table legend: (Time is in decaauts)
 A = Elapsed time spent in this place.
 B = Non-inter-level travel time spent in this place.
 C = Inter-level travel time spent in this place.
 D = Time resting spent in this place.
 E = Time spent auto-exploring this place.
 F = Levels seen in this place.
 G = Mean time per level.
                   A        B        C        D        E       F      G
               +--------+--------+--------+--------+--------+-----+--------+
         Total |   8816 |   8294 |    522 |   3629 |   3220 |   7 | 1259.4 |
       Dungeon |   8816 |   8294 |    522 |   3629 |   3220 |   7 | 1259.4 |
               +--------+--------+--------+--------+--------+-----+--------+

Top non-repeatable levels by time:
     D:2: 2304 daAuts
     D:5: 2135 daAuts
     D:6: 1509 daAuts
     D:3: 1146 daAuts
     D:1: 880 daAuts
     D:4: 479 daAuts
     D:7: 361 daAuts
